 Dungeon Crawl Stone Soup version 0.29-a0-722-g64f5989226 (webtiles) character file.

Game seed: 12173769665481770665

154 PentaManta the Shooter (level 5, -1/25 HPs)
             Began as a Spriggan Hunter on June 28, 2022.
             Slain by Ijyb
             ... wielding a +4 club
              (3 damage)
             ... on level 4 of the Dungeon.
             The game lasted 00:04:33 (2117 turns).

PentaManta the Shooter (Spriggan Hunter)            Turns: 2117, Time: 00:04:34

Health: -1/25      AC:  2    Str:  7    XL:     5   Next: 13%
Magic:  6/6        EV: 22    Int: 13    God:
Gold:   94         SH:  0    Dex: 21    Spells: 4/4 levels left

rFire   . . .      SeeInvis +   a - +0 shortbow
rCold   . . .      Faith    .   (shield currently unavailable)
rNeg    . . .      Spirit   .   c - +0 robe
rPois   .          Reflect  .   (helmet restricted)
rElec   .          Harm     .   (no cloak)
rCorr   .          Rampage  .   (gloves unavailable)
Will    .....                   (boots unavailable)
Stlth   ++........              (no amulet)
HPRegen 0.08/turn               q - ring "Tosayvul" {EV+4 Int+3}
MPRegen 0.10/turn               (no ring)

@: very quick
A: very small, no large weapons, unfitting armour, see invisible, speed 3
a: no special abilities


You were on level 4 of the Dungeon.
You visited 1 branch of the dungeon, and saw 4 of its levels.

You collected 94 gold pieces.

Inventory:

Hand Weapons
 a - a +0 shortbow (weapon)
Missiles
 l - 4 poisoned darts
Armour
 c - a +0 robe (worn)
Jewellery
 q - the ring "Tosayvul" (left hand) {EV+4 Int+3}
   (You found it on level 3 of the Dungeon)

   [ring of evasion]

   EV:        It affects your evasion (+4).
   Int:       It affects your intelligence (+3).
 r - a ring of fire
Wands
 k - a wand of acid (9)
Scrolls
 b - 2 scrolls of immolation
 e - a scroll of vulnerability {unknown}
 f - a scroll of brand weapon {unknown}
 g - 2 scrolls of amnesia {unknown}
 i - 3 scrolls of identify {unknown}
 p - a scroll of fear {unknown}
 s - a scroll of teleportation {unknown}
Potions
 d - 2 potions of curing
 h - a potion of mutation {unknown}
 j - a potion of berserk rage {unknown}
 m - a potion of attraction {unknown}
 n - a potion of heal wounds {unknown}
 o - 3 potions of might {unknown}


   Skills:
 - Level 1.5 Fighting
 + Level 7.8 Ranged Weapons
 - Level 2.6 Dodging
 - Level 1.5 Stealth


You had 4 spell levels left.
You didn't know any spells.
Your spell library contained the following spells:

 Spells                   Type           Power      Damage    Failure   Level
 Summon Small Mammal      Summ           0%         N/A       30%         1
 Call Canine Familiar     Summ           0%         N/A       67%         3
 Summon Guardian Golem    Hex/Summ       0%         N/A       67%         3
 Fulminant Prism          Conj/Hex       0%         3d6       97%         4
 Iskenderun's Mystic Bla  Conj/Tloc      0%         2d3       97%         4
 Lee's Rapid Deconstruct  Erth           0%         3d5*      100%        5


Dungeon Overview and Level Annotations

Branches:
Dungeon (4/15)
 Temple: D:4-7

Altars:

Shops:
D:1 [

Annotations:
D:4 Ijyb


Innate Abilities, Weirdness & Mutations

You are very small and have problems with some larger weapons.
You are too small for most types of armour.
You have supernaturally acute eyesight. (SInv)
You cover ground extremely quickly. (Speed+++)


Message History

Ijyb barely misses you.
You shoot an arrow. The arrow hits Ijyb.
Ijyb is heavily wounded.
Ijyb barely misses you.
You shoot an arrow. The arrow barely misses Ijyb.
Ijyb hits you with a +4 club!
You are too injured to fight recklessly!
You are too injured to fight recklessly!
You are too injured to fight recklessly!
Fire: a) +0 shortbow
Press: ? - help, Q - select action, (/) - cycle Shift-Dir - straight line, f/p - Ijyb
Aim: Ijyb, wielding a +4 club, wearing a +0 ring mail and carrying a wand of iceblast (10) (heavily wounded, 62% to hit)
You shoot an arrow. The arrow closely misses Ijyb.
Ijyb misses you.
Fire: a) +0 shortbow
Press: ? - help, Q - select action, (/) - cycle Shift-Dir - straight line, f/p - Ijyb
Aim: Ijyb, wielding a +4 club, wearing a +0 ring mail and carrying a wand of iceblast (10) (heavily wounded, 62% to hit)
You shoot an arrow. The arrow completely misses Ijyb.
Ijyb completely misses you.
Fire: a) +0 shortbow
Press: ? - help, Q - select action, (/) - cycle Shift-Dir - straight line, f/p - Ijyb
Aim: Ijyb, wielding a +4 club, wearing a +0 ring mail and carrying a wand of iceblast (10) (heavily wounded, 62% to hit)
You shoot an arrow. The arrow hits Ijyb!
Ijyb is almost dead.
Ijyb hits you with a +4 club.
* * * LOW HITPOINT WARNING * * *
Fire: a) +0 shortbow
Press: ? - help, Q - select action, (/) - cycle Shift-Dir - straight line, f/p - Ijyb
Aim: Ijyb, wielding a +4 club, wearing a +0 ring mail and carrying a wand of iceblast (10) (almost dead, 62% to hit)
You shoot an arrow. The arrow hits Ijyb.
Ijyb is almost dead.
Ijyb hits you with a +4 club.
* * * LOW HITPOINT WARNING * * *
Unknown command.
Fire: a) +0 shortbow
Press: ? - help, Q - select action, (/) - cycle Shift-Dir - straight line, f/p - Ijyb
Aim: Ijyb, wielding a +4 club, wearing a +0 ring mail and carrying a wand of iceblast (10) (almost dead, 62% to hit)
You shoot an arrow. The arrow hits Ijyb but does no damage.
Ijyb is almost dead.
Ijyb barely misses you. Ijyb hits you with a +4 club.
You die...

♣ #............... ♣#
#............... .#
..............##
'###...............
..###...###......# #.#
###........### #.###
##....##.#### #.
....####.##.......##....
..#..........###@.......
...........#.#..g......$
.................†......
..........####..........
........................
............†..........#
..........##..#.....##.#
...........##........#.#
......................#


You could see Ijyb.

Vanquished Creatures
  A jelly (D:4)
  A gnoll (D:1)
  6 adders
  5 orcs (D:3)
  6 endoplasms
  3 giant cockroaches
  4 goblins
  4 hobgoblins
  8 kobolds
  2 quokkas
  7 ball pythons
  4 bats
  2 frilled lizards
  3 rats (D:3)
56 creatures vanquished.

Vanquished Creatures (others)
  4 plants (D:1)
4 creatures vanquished.

Grand Total: 60 creatures vanquished

Notes
Turn   | Place    | Note
-------+----------+-------------------------------------------
     0 | D:1      | PentaManta the Spriggan Hunter began the quest for the Orb.
     0 | D:1      | Reached XP level 1. HP: 10/10 MP: 2/2
   198 | D:1      | Reached skill level 5 in Ranged Weapons
   302 | D:1      | Reached XP level 2. HP: 14/14 MP: 3/3
   420 | D:1      | Found Ylestila's Armour Shoppe.
   707 | D:2      | Reached skill level 6 in Ranged Weapons
   707 | D:2      | Reached XP level 3. HP: 18/18 MP: 4/4
   989 | D:2      | Found a faded altar of an unknown god.
  1206 | D:2      | Reached XP level 4. HP: 22/22 MP: 5/5
  1399 | D:3      | Reached skill level 7 in Ranged Weapons
  1677 | D:3      | Identified the ring "Tosayvul" {EV+4 Int+3}
  1850 | D:4      | Reached XP level 5. HP: 25/25 MP: 6/6
  1998 | D:4      | Noticed Ijyb
  2117 | D:4      | Slain by Ijyb

Illustrated notes

Levels and vault maps discovered:
D:1:      matt_arrival_diagonals, layout_basic, serial_shops,
          nicolae_shop_competitors_out_of_business, nicolae_grassy_gnolls
D:2:      layout_basic, chequers_ecumenical_altar_island
D:3:      layout_rooms, minmay_misc_feat_tiny, kennysheep_generic_room_15
D:4:      layout_rooms, serial_shops, nicolae_stop_n_shop_2,
          kennysheep_cross_bottleneck, kennysheep_small_circle, uniq_ijyb

Skill      XL: |  1  2  3  4 |
---------------+-------------+-----
Ranged Weapons | 5 6 7 |  7.8
Fighting       | |  1.5
Dodging        | |  2.6
Stealth        | |  1.5

Action                   |  1- 3 |  4- 6 || total
-------------------------+-------+-------++-------
 Fire: Shortbow          |    79 |    80 ||   159
  Use: Potion            |     1 |       ||     1
Armor: Robe              |     2 |     1 ||     3
Dodge: Dodged            |    17 |    17 ||    34

Table legend: (Time is in decaauts)
 A = Elapsed time spent in this place.
 B = Non-inter-level travel time spent in this place.
 C = Inter-level travel time spent in this place.
 D = Time resting spent in this place.
 E = Time spent auto-exploring this place.
 F = Levels seen in this place.
 G = Mean time per level.
                   A        B        C        D        E       F      G
               +--------+--------+--------+--------+--------+-----+--------+
         Total |   1470 |   1416 |     54 |    137 |    983 |   4 |  367.5 |
       Dungeon |   1470 |   1416 |     54 |    137 |    983 |   4 |  367.5 |
               +--------+--------+--------+--------+--------+-----+--------+

Top non-repeatable levels by time:
     D:2: 482 daAuts
     D:1: 448 daAuts
     D:3: 308 daAuts
     D:4: 231 daAuts
